 Dungeon Crawl Stone Soup version 0.27.1-4-g1640c2035a (webtiles) character file.

Game seed: 17225225478820707426

3207 Gunterle the Cleaver (level 9, -7/75 HPs)
             Began as a Palentonga Berserker on Nov 6, 2021.
             Was a Priest of Trog.
             Shot with a bolt by an orc warrior (15 damage)
             ... in a bailey.
             The game lasted 00:24:36 (8679 turns).

Gunterle the Cleaver (Palentonga Berserker)         Turns: 8679, Time: 00:24:37

Health: -7/75      AC: 20    Str: 23    XL:     9   Next: 65%
Magic:  9/9        EV:  8    Int:  9    God:    Trog [***...]
Gold:   282        SH:  0    Dex:  9    Spells: 8/8 levels left

rFire    + . .     SeeInvis +   a - +2 hand axe (flame)
rCold    + . .     Faith    .   (no shield)
rNeg     . . .     Spirit   .   v - +1 leather armour {Will+}
rPois    +         Reflect  .   (no helmet)
rElec    .         Harm     .   k - scarf {rC+ rF+}
rCorr    .         Rampage  .   z - +0 pair of gloves
Will     +....                  f - +1 barding {Fly}
Stlth    +.........             (no amulet)
HPRegen  0.22/turn              m - ring of poison resistance
MPRegen  0.11/turn              (no ring)

@: flying, curled up
A: large, rugged brown scales 3, see invisible, deformed body, roll 1, armoured
tail, reflexive curl
a: Rolling Charge, Renounce Religion, Berserk, Trog's Hand


You were in a bailey.
You worshipped Trog.
Trog was most pleased with you.
You visited 2 branches of the dungeon, and saw 9 of its levels.
You also visited: Bailey.

You collected 282 gold pieces.

Inventory:

Hand Weapons
 a - a +2 hand axe of flaming (weapon)
 b - a +0 hand axe
 c - a +0 war axe
 l - a +2 vorpal flail
 r - a +0 arbalest
Missiles
 e - 50 poisoned darts (quivered)
 o - 189 bolts
 p - 4 throwing nets
 y - 14 boomerangs
 A - 44 arrows
Armour
 f - a +1 barding of flying (worn)
 h - a +4 scale mail of fire resistance
 k - a scarf of resistance (worn)
 v - a +1 leather armour of willpower (worn)
 z - a +0 pair of gloves (worn)
 F - a +2 ring mail of cold resistance
Jewellery
 m - a ring of poison resistance (left hand)
Wands
 n - a wand of paralysis (6)
 t - a wand of polymorph (4)
Scrolls
 j - a scroll of noise
 q - a scroll of magic mapping
 C - a scroll of immolation
 E - a scroll of vulnerability {unknown}
Potions
 d - a potion of flight {unknown}
 g - 2 potions of mutation {unknown}
 s - 5 potions of curing
 B - 2 potions of heal wounds
 G - 2 potions of attraction {unknown}
 H - 2 potions of brilliance {unknown}
 I - a potion of ambrosia {unknown}


   Skills:
 + Level 6.7 Fighting
 * Level 9.1 Axes
 - Level 0.1(5.1) Polearms
 * Level 0.3 Crossbows
 + Level 5.2 Armour
 + Level 5.3 Dodging
 + Level 1.0 Evocations


You had 8 spell levels left.
You didn't know any spells.
Your spell library was empty.

Dungeon Overview and Level Annotations

Branches:
Dungeon (8/15)             Temple (1/1) D:4          Bailey (1/1)
   Lair: D:8-11

Altars:
Ashenzari
Cheibriados
Dithmenos
Elyvilon
Fedhas
Gozag
Hepliaklqana
Makhleb
Nemelex Xobeh
Okawaru
Qazlal
Ru
Sif Muna
Trog
Uskayaw
Vehumet
Wu Jian
Xom
Yredelemnul
Zin
The Shining One

Shops:
D:8 *

Annotations:
D:3 3 runed translucent doors, Sopaderocas's ghost, amateur HOMo


Innate Abilities, Weirdness & Mutations

You are completely covered in rugged brown scales. (AC +3, +7% HP)
You have supernaturally acute eyesight. (SInv)
Armour fits poorly on your strangely shaped body.
You can roll at nearby foes to attack.
You have a long armoured tail.
You curl defensively after being hit.


Message History

You miss the orc warrior.
Your tail-slap misses the orc warrior.
The orc warrior unwields a +0 arbalest.
The orc warrior barely misses you.
You slash the orc warrior! You burn the orc warrior.
The orc warrior is severely wounded.
The orc warrior hits you.
You hit the orc warrior but do no damage.
The orc warrior is severely wounded.
The orc warrior barely misses you.
You barely miss the orc warrior.
The orc warrior is severely wounded.
The orc warrior completely misses you.
You closely miss the orc warrior.
The orc warrior is severely wounded.
You slash the orc warrior! You burn the orc warrior.
You kill the orc warrior!
Trog accepts your kill.
Your Evocations skill increases to level 1!
No target in view!
No target in view!
o - 189 bolts (gained 20)
Things that are here:
a +0 arbalest; a +0 scale mail; an orc corpse
There is a gate leading back out of this place here.
You start resting.
HP restored.
You can no longer call in reinforcements.
Things that are here:
a +0 arbalest; a +0 scale mail; an orc corpse The orc warrior shouts!
The orc warrior shoots a bolt.
The bolt hits you.
You hear a shout!
The orc warrior shoots a bolt.
The bolt hits you!!
The orc warrior shouts!
The orc warrior shoots a bolt.
The bolt closely misses you.
The orc warrior shoots a bolt.
The bolt hits you!
The orc warrior shoots a bolt.
The bolt hits you!
The orc warrior shoots a bolt.
The bolt hits you!!
* * * LOW HITPOINT WARNING * * *
The orc warrior shoots a bolt.
The bolt hits you!
You die...

#.............
#.........o...
#.............
#..............
#..........o.. .
#.......≈≈≈≈≈...
#......≈≈#.#.≈.
#......≈##.∩#≈..
#....@.≈).^..≈...
#....).≈##.##≈...
#....).≈≈#.#≈≈...
#)......≈≈≈≈≈.....
#.................
#.................
#.................
#.................
#.∩...............


You could see 2 orc warriors.

Vanquished Creatures
  Harold (D:6)
  Joseph (D:7)
  3 yaks (D:5)
  Menkaure (D:7)
  3 orc warriors
  A sky beast (D:7)
  An ice beast (D:5)
  2 black bears
  An ogre (D:6)
  A phantom (D:4)
  A bullfrog (D:6)
  A scorpion (D:4)
  A howler monkey (D:6)
  A bullfrog zombie (D:5)
  3 centaur zombies
  A hound (D:6)
  A jelly (D:4)
  A centaur skeleton (D:8)
  An orc priest (D:2)
  3 iguanas
  2 orc wizards
  A killer bee zombie (D:6)
  13 gnolls
  A howler monkey skeleton (D:4)
  5 adders
  A shadow imp (D:6)
  A white imp (D:6)
  A worm (D:2)
  23 orcs
  7 ball pythons
  4 bats
  2 endoplasms (D:1)
  2 giant cockroaches
  11 goblins
  8 hobgoblins
  6 jackals
  11 kobolds
  3 quokkas
  4 frilled lizards
  6 rats
141 creatures vanquished.

Notes
Turn   | Place    | Note
-------+----------+-------------------------------------------
     0 | D:1      | Gunterle the Palentonga Berserker began the quest for the
                  | Orb.
     0 | D:1      | Reached XP level 1. HP: 19/19 MP: 1/1
   272 | D:1      | Reached XP level 2. HP: 21/25 MP: 2/2
   965 | D:1      | Reached ** piety under Trog
  1380 | D:2      | Reached XP level 3. HP: 31/31 MP: 3/3
  1383 | D:2      | Reached XP level 4. HP: 37/37 MP: 4/4
  1582 | D:2      | Found a faded altar of an unknown god.
  1584 | D:2      | Reached skill level 4 in Axes
  2105 | D:2      | Reached XP level 5. HP: 44/44 MP: 5/5
  2528 | D:3      | Found a sacrificial altar of Ru.
  2586 | D:3      | Found a runed translucent gate.
  2587 | D:3      | Found a runed translucent gate.
  2588 | D:3      | Found a runed translucent gate.
  2591 | D:3      | Noticed Sopaderocas's ghost (amateur HOMo)
  3676 | D:4      | Reached *** piety under Trog
  3941 | D:4      | Reached XP level 6. HP: 25/51 MP: 6/6
  4252 | D:4      | Reached skill level 5 in Axes
  4449 | D:4      | Found a staircase to the Ecumenical Temple.
  4458 | Temple   | Entered the Ecumenical Temple
  4700 | D:5      | Entered Level 5 of the Dungeon
  4872 | D:5      | Gained mutation: You curl defensively after being hit.
                  | [Palentonga growth]
  4872 | D:5      | Reached XP level 7. HP: 58/58 MP: 7/7
  4878 | D:5      | Found a burning altar of Makhleb.
  4879 | D:5      | Noticed an Executioner
  4880 | D:5      | Found a glowing silver altar of Zin.
  4881 | D:5      | Noticed an angel
  5418 | D:5      | Noticed a yak
  5419 | D:5      | Noticed a yak
  5420 | D:5      | Noticed a yak
  5572 | D:5      | Found a sparkling altar of Nemelex Xobeh.
  5643 | D:5      | Reached skill level 6 in Axes
  5895 | D:5      | Killed a yak
  5896 | D:5      | Reached skill level 5 in Fighting
  6042 | D:5      | Killed a yak
  6043 | D:5      | Reached XP level 8. HP: 66/66 MP: 8/8
  6045 | D:5      | Reached skill level 7 in Axes
  7099 | D:7      | Found a hide-covered altar of Uskayaw.
  7114 | D:7      | Noticed Harold
  7164 | D:6      | Killed Harold
  7165 | D:6      | Reached skill level 8 in Axes
  7165 | D:6      | Reached XP level 9. HP: 18/73 MP: 9/9
  7504 | D:7      | Noticed Menkaure
  7513 | D:7      | Killed Menkaure
  7516 | D:7      | Noticed Joseph
  7529 | D:7      | Killed Joseph
  7530 | D:7      | Reached skill level 5 in Armour
  7530 | D:7      | Reached skill level 5 in Dodging
  7679 | D:7      | Reached skill level 9 in Axes
  7787 | D:7      | Found a stormy altar of Qazlal.
  8028 | D:8      | Identified a scroll of acquirement
  8028 | D:8      | Acquired a +1 barding of flying
  8159 | D:8      | Found Mufrerro's Serpentskin Sales.
  8171 | D:8      | Found a flagged portal.
  8190 | Bailey   | Entered a bailey
  8196 | Bailey   | Reached **** piety under Trog
  8563 | Bailey   | Reached skill level 1 in Evocations
  8679 | Bailey   | Shot with a bolt by an orc warrior

Illustrated notes

Levels and vault maps discovered:
D:1:      shiori_shiawase, layout_basic, serial_co_window_serial,
          co_window_of_opportunity_a, co_window_corner_a, co_window_paths_a,
          co_window_corner_a, co_window_paths_a, co_window_paths_a,
          co_window_corner_b, co_window_corner_b, co_window_of_opportunity_b,
          co_window_corner_b, co_window_of_opportunity_b, glass_columns_a,
          glass_columns_a, glass_columns_a, glass_columns_b, glass_columns_a,
          chequers_serial_rivers_marsh, chequers_decorated_corner,
          chequers_serial_rivers_marsh, minmay_misc_feat_square
D:2:      layout_loops_ring, chequers_ecumenical_altar_simple_redux,
          kennysheep_nub
D:3:      layout_basic, nicolae_ru_sacrificial_ziggurat, gammafunk_ghost_split,
          st_stairs_6, grunt_decor_cap, minivault_24
D:4:      layout_rooms, temple_fountains
D:5:      layout_loops_corners, grunt_temple_overflow_order_and_chaos_2,
          kennysheep_mini_moat
D:6:      layout_loops_ring, minmay_holes
D:7:      layout_cave_pools, grunt_qazlal_clouds, overflow_temple_1_default,
          uniq_harold, uniq_menkaure, uniq_joseph
D:8:      layout_gridville, serial_co_window_serial, co_window_paths_a,
          co_window_corner_a, co_window_of_opportunity_a, co_window_cross_1,
          co_window_of_opportunity_a, co_window_broadway_c,
          co_window_broadway_c, co_window_corner_cb, co_window_broadway_a,
          co_window_corner_b, co_window_paths_c, co_window_4corner_b,
          co_window_4corner_a, glass_columns_a, glass_columns_b,
          glass_columns_c, glass_columns_c, enter_bailey_2, guppyfry_shop_venom
Temple:   minmay_freezing_vapour_temple
Bailey:   bailey_polearm_2, bailey

Skill      XL: |  1  2  3  4  5  6  7  8  9 |
---------------+----------------------------+-----
Armour         | 2 3 4 5 |  5.2
Dodging        | 2 3 4 5 |  5.3
Axes           | 4 5 6 8 9 |  9.1
Fighting       | 4 5 6 |  6.7
Evocations     | 1 |  1.0
Polearms       | |  0.1
Crossbows      | |  0.3

Action                   |  1- 3 |  4- 6 |  7- 9 || total
-------------------------+-------+-------+-------++-------
Melee: Hand axe          |    69 |   176 |   186 ||   431
       Tailslap          |     6 |    16 |    27 ||    49
 Fire: Arbalest          |       |       |     9 ||     9
Throw: Dart              |       |     4 |    12 ||    16
Invok: Berserk           |     3 |    13 |     9 ||    25
       Trog's Hand       |       |       |     2 ||     2
 Abil: Rolling Charge    |     7 |    11 |     5 ||    23
  Use: Scroll            |       |     2 |     9 ||    11
       Potion            |       |       |     1 ||     1
 Stab: Sleeping          |     1 |     1 |       ||     2
Armor: Animal skin       |    33 |     7 |       ||    40
       Leather armour    |       |    23 |    72 ||    95
       Ring mail         |       |    15 |       ||    15
Dodge: Dodged            |    18 |    86 |    98 ||   202
